AoeStats
← CkDexterHaven

Arabia

510023790Analyzed
3v3 RM · 4d ago on Sep 29, 2026· 34m 44s· 6 players
Game mode
Random Map
Map size
Normal (6 player)
Population
200
Speed
Normal
Resources
Standard
Victory
Conquest
Starting age
Dark Age
Ending age
Imperial Age
RankedLock teamsTeams togetherTeam positionsShared explorationLock speedFull tech treeHidden civsTurbo modeCheats
Victory
Defeat
🇺🇸 Vietnamese · United States
1250
+12
🇺🇸 Magyars · United States
1206
+13
🇺🇸 Saracens · United States
1085
+18
🇦🇷 Bohemians · Argentina
1163
-15
🇦🇷 Persians · Argentina
1139
-14
🇦🇷 Khitans · Argentina
1135
-14
kamasm
7:15 Loom
9:41 Feudal Age
11:06 Double-Bit Axe
12:19 Horse Collar
15:28 Fletching
17:25 Wheelbarrow
19:57 Padded Archer Armor
22:57 Castle Age
23:04 Crossbowman
24:57 Hand Cart
26:41 Thumb Ring
27:57 Bow Saw
31:05 Ballistics
31:05 Bodkin Arrow
31:26 Leather Archer Armor
Dwight5rhute010
6:14 Loom
8:50 Feudal Age
9:29 Double-Bit Axe
11:21 Town Watch
21:17 Castle Age
20:40 Bloodlines
20:37 Scale Barding Armor
22:49 Husbandry
23:13 Bow Saw
23:35 Chain Barding Armor
29:19 Padded Archer Armor
29:57 Horse Collar
31:26 Wheelbarrow
31:10 Heavy Plow
32:42 Hand Cart
33:04 Fletching
33:30 Leather Archer Armor
CkDexterHaven
8:38 Loom
11:04 Feudal Age
11:39 Double-Bit Axe
19:23 Bloodlines
25:51 Horse Collar
28:11 Fletching
30:48 Castle Age
29:03 Gold Mining
29:56 Stone Mining
30:32 Scale Barding Armor
30:38 Forging
32:23 Bodkin Arrow
33:16 Chain Barding Armor
35:01 Bow Saw
Augusto Pipo
4:54 Loom
9:27 Feudal Age
10:33 Double-Bit Axe
13:47 Forging
21:32 Castle Age
19:43 Scale Barding Armor
20:44 Domestication
23:38 Iron Casting
23:08 Husbandry
23:06 Gold Mining
26:08 Fletching
ßaleau
4:25 Loom
6:10 Loom
10:35 Feudal Age
15:19 Scale Barding Armor
16:16 Double-Bit Axe
16:29 Horse Collar
24:23 Castle Age
25:29 Bow Saw
25:20 Heavy Plow
25:13 Gold Mining
26:27 Forging
28:15 Iron Casting
Silver Russel
1:24 Loom
10:06 Feudal Age
10:45 Double-Bit Axe
17:57 Padded Archer Armor
25:05 Castle Age
23:40 Fletching
27:55 Chemistry
31:31 Imperial Age
29:32 Elite Skirmisher
30:24 Town Watch
Connection lost

Rejoining the realm…

Still unreachable

The connection could not be restored.

Session expired

The server has moved on; the page needs a fresh start.